 Dungeon Crawl Stone Soup version 0.23-a0-480-g1869896531 (webtiles) character file.

221 LostNumber the Caller (level 5, -2/38 HPs)
             Began as a Mummy Summoner on Nov 29, 2018.
             Slain by an ufetubus (3 damage)
             ... summoned by Eustachio
             ... on level 4 of the Dungeon.
             The game lasted 00:04:31 (3555 turns).

LostNumber the Caller (Mummy Summoner)              Turns: 3555, Time: 00:04:31

Health: -2/38      AC:  2    Str: 12      XL:     5   Next: 65%
Magic:  8/10       EV: 11    Int: 15      God:
Gold:   157        SH:  0    Dex:  4 (12) Spells: 1/11 levels left

rFire    x . .     SeeInvis .   a - +1 short sword (venom)
rCold    + . .     Gourm    .   (no shield)
rNeg     + + +     Faith    .   k - +0 robe
rPois    ∞         Spirit   .   (no helmet)
rElec    .         Reflect  .   (no cloak)
rCorr    .         Harm     .   (no gloves)
MR       .....                  (no boots)
Stlth    +.........             i - amulet of magic regeneration
HPRegen  0.12/turn              f - +3 ring of slaying
MPRegen  0.37/turn              n - ring of wizardry

@: no status effects
A: no food or potions, fire vulnerability, cold resistance 1, negative energy
resistance 3, torment resistance, unbreathing
a: no special abilities


You were on level 4 of the Dungeon.
You were not hungry.

You visited 1 branch of the dungeon, and saw 4 of its levels.

You collected 157 gold pieces.

Inventory:

Hand Weapons
 a - a +1 short sword of venom (weapon)
 b - a +0 hunting sling of freezing
 d - a +0 short sword
Missiles
 e - 72 stones (quivered)
 h - 47 sling bullets
Armour
 g - a +0 ring mail
 k - a +0 robe (worn)
Jewellery
 f - a +3 ring of slaying (left hand)
 i - an amulet of magic regeneration (around neck)
 n - a ring of wizardry (right hand)
Wands
 m - a wand of flame (22)
Scrolls
 c - 3 scrolls of remove curse {unknown}
 j - 2 scrolls of identify {unknown}
 l - a scroll of magic mapping {unknown}


   Skills:
 + Level 2.0 Fighting
 * Level 1.6 Slings
 - Level 1.5 Dodging
 - Level 1.5 Stealth
 + Level 3.9 Spellcasting
 * Level 4.4 Summonings
 * Level 1.1 Ice Magic


You had one spell level left.
You knew the following spells:

 Your Spells              Type           Power        Failure   Level  Hunger
a - Summon Small Mammal   Summ           ###.         1%          1    N/A
b - Call Imp              Summ           ###.....     1%          2    N/A
c - Call Canine Familiar  Summ           ###.....     3%          3    N/A
d - Summon Ice Beast      Ice/Summ       ##......     24%         4    N/A

Your spell library contained the following spells:

 Spells                   Type           Power        Failure   Level  Hunger
 Summon Guardian Golem    Hex/Summ       #.......     9%          3    N/A
 Summon Lightning Spire   Summ/Air       #.......     28%         4    N/A

Dungeon Overview and Level Annotations

Branches:
Dungeon (4/15)
 Temple: D:4-7

Altars:
Zin

Annotations:
D:4 Eustachio


Innate Abilities, Weirdness & Mutations

You do not eat or drink.
Your flesh is vulnerable to fire.
You are immune to poison.
Your flesh is cold resistant. (rC+)
You are immune to negative energy. (rN+++)
You are immune to unholy pain and torment.
You can survive without breathing.


Message History

The ufetubus closely misses you.
The ufetubus hits you but does no damage.
The quasit barely misses you. The quasit claws you. x2
Eustachio hits you with a +0 rapier!
* * * LOW HITPOINT WARNING * * *
Your white imp barely misses Eustachio.
Your white imp gestures at Eustachio.
The puff of frost hits the quasit.
The quasit resists.
The quasit misses you.
The quasit claws you but does no damage.
The quasit misses you.
Your hound closely misses Eustachio.
The ufetubus barely misses you. The ufetubus hits you.
* * * LOW HITPOINT WARNING * * *
The quasit bites you but does no damage.
The quasit closely misses you. The quasit claws you.
* * * LOW HITPOINT WARNING * * *
You feel clumsy.
Unknown command.
The quasit disappears in a puff of smoke!
Your hound barely misses Eustachio.
The ufetubus hits you.
You die...

.. #.(.# .(..
.##...###....
..(......._.
.(........# #+#
#(.......
##...##........
....$..55h5#
........§@.##
........55@.#
#....##..<.##
#### ###+##


You could see Eustachio, an iron imp, a quasit, an ufetubus, a friendly hound
and 2 friendly white imps.

Vanquished Creatures
  Terence (D:3)
  6 adders
  A worm (D:3)
  A dart slug (D:2)
  A leopard gecko (D:2)
  An orc (D:3)
  2 ball pythons (D:3)
  A giant cockroach (D:3)
  9 goblins
  6 hobgoblins
  2 quokkas
  3 bats
  4 frilled lizards
  8 kobolds
  4 rats
50 creatures vanquished.

Vanquished Creatures (collateral kills)
  An ice beast (D:3)
  Natasha (D:2)
  A leopard gecko (D:1)
  A goblin (D:2)
  2 kobolds (D:1)
  A ball python (D:2)
7 creatures vanquished.

Grand Total: 57 creatures vanquished

Notes
Turn   | Place    | Note
-------+----------+-------------------------------------------
     0 | D:1      | LostNumber the Mummy Summoner began the quest for the Orb.
     0 | D:1      | Reached XP level 1. HP: 13/13 MP: 4/4
   427 | D:1      | Reached XP level 2. HP: 20/20 MP: 5/5
   470 | D:1      | Learned a level 2 spell: Call Imp
  1189 | D:2      | Reached skill level 1 in Fighting
  1240 | D:2      | Reached XP level 3. HP: 26/26 MP: 7/7
  1271 | D:2      | Learned a level 3 spell: Call Canine Familiar
  1919 | D:2      | Noticed Natasha
  1932 | D:2      | Killed Natasha
  1932 | D:2      | Reached skill level 4 in Summonings
  1932 | D:2      | Reached XP level 4. HP: 14/32 MP: 3/9
  2395 | D:3      | Noticed an ice beast
  2594 | D:3      | Learned a level 4 spell: Summon Ice Beast
  2606 | D:3      | Reached skill level 1 in Slings
  2721 | D:3      | Noticed Terence
  2729 | D:3      | Killed Terence
  2729 | D:3      | Reached XP level 5. HP: 38/38 MP: 7/10
  3024 | D:3      | Killed an ice beast
  3024 | D:3      | Reached skill level 1 in Ice Magic
  3437 | D:4      | Found a glowing silver altar of Zin.
  3438 | D:4      | Noticed Eustachio
  3554 | D:4      | HP: 1/38 [quasit[Eustachio] (2)]
  3555 | D:4      | Slain by an ufetubus

Vault maps used:
D:1:      nzn_arrival_crosshair
D:2:      uniq_natasha
D:3:      uniq_terence
D:4:      kennysheep_the_goblin_king, overflow_temple_1_default, first_ration,
          kennysheep_minor_cross, uniq_ijyb, uniq_eustachio

Skill      XL: |  1  2  3  4  5 |
---------------+----------------+-----
Spellcasting   | 3 |  3.9
Fighting       | 1 2 |  2.0
Summonings     | 4 |  4.4
Slings         | 1 |  1.6
Ice Magic      | 1 |  1.1
Dodging        | |  1.5
Stealth        | |  1.5

Action                   |  1- 3 |  4- 6 || total
-------------------------+-------+-------++-------
Melee: Unarmed           |    12 |       ||    12
       Short sword       |     1 |    22 ||    23
 Fire: Hunting sling     |    79 |    62 ||   141
 Cast: Summon Small Mamm |     3 |       ||     3
       Call Imp          |     4 |     5 ||     9
       Call Canine Famil |       |     3 ||     3
 Stab: Sleeping          |     1 |       ||     1
       Distracted        |       |     1 ||     1
Armor: Robe              |     2 |    27 ||    29
       Ring mail         |     3 |     1 ||     4
Dodge: Dodged            |    30 |    62 ||    92

Table legend:
 A = Non-vault XP
 B = Vault XP
 C = Vault XP percentage of total XP
 D = Non-vault monster count
 E = Vault monster count
 F = Vault count percentage of total count
                 A         B        C        D         E       F
            +---------+---------+-------+---------+---------+-------
      Total |     254 |      62 |  19.6 |      55 |       2 |   3.5
            +---------+---------+-------+---------+---------+-------
        D:1 |      26 |       0 |   0.0 |      18 |       0 |   0.0
        D:2 |      52 |      24 |  31.6 |      17 |       1 |   5.6
        D:3 |     176 |      38 |  17.8 |      20 |       1 |   4.8
            +---------+---------+-------+---------+---------+-------
